 Dungeon Crawl Stone Soup version 0.29.1-1-gd02db6906a (webtiles) character file.

Game seed: 4864837051784778519

2927 vvl the Stinger (level 9, -9/66 HPs)
             Began as a Demonspawn Venom Mage on Oct 4, 2022.
             Mangled by a sun demon (14 damage)
             ... summoned by an orc high priest
             ... in a bailey.
             The game lasted 00:13:35 (7303 turns).

vvl the Stinger (Demonspawn Venom Mage)             Turns: 7303, Time: 00:13:35

Health: -9/66      AC: 16    Str: 14    XL:     9   Next: 50%
Magic:  10/15      EV: 15    Int: 20    God:
Gold:   320        SH:  0    Dex: 21    Spells: 12/17 levels left

rFire   . . .      SeeInvis .   p - +4 quarterstaff (chaos)
rCold   . . .      Faith    .   (shield currently unavailable)
rNeg    . . .      Spirit   .   a - +0 robe
rPois   .          Reflect  .   z - +2 hat
rElec   .          Harm     .   q - +0 cloak
rCorr   .          Rampage  .   d - +0 pair of gloves
Will    .....                   y - +0 pair of boots
Stlth   ++........              r - amulet of regeneration
HPRegen 1.01/turn               m - +6 ring of strength
MPRegen 0.14/turn               o - +6 ring of dexterity

@: sanguine armoured
A: ignite blood 2, sanguine armour 2, demonic magic 3, weakness stinger 1
a: no special abilities


You were in a bailey.
You visited 2 branches of the dungeon, and saw 8 of its levels.
You also visited: Bailey.

You collected 320 gold pieces.

Inventory:

Hand Weapons
 g - a +0 dagger of venom
 p - a +4 quarterstaff of chaos (weapon)
Armour
 a - a +0 robe (worn)
 d - a +0 pair of gloves (worn)
 q - a +0 cloak (worn)
 y - a +0 pair of boots (worn)
 z - a +2 hat (worn)
Jewellery
 m - a +6 ring of strength (left hand)
 o - a +6 ring of dexterity (right hand)
 r - an amulet of regeneration (around neck)
Wands
 x - a wand of flame (6)
 B - a wand of charming (8)
Scrolls
 e - 9 scrolls of identify {unknown}
 h - a scroll of silence {unknown}
 i - 4 scrolls of amnesia {unknown}
 k - a scroll of butterflies {unknown}
 l - 2 scrolls of noise {unknown}
 n - 3 scrolls of blinking {unknown}
 u - a scroll of magic mapping {unknown}
 v - a scroll of acquirement {unknown}
 w - a scroll of torment {unknown}
 C - a scroll of vulnerability {unknown}
Potions
 b - a potion of magic
 c - 2 potions of berserk rage {unknown}
 f - a potion of ambrosia {unknown}
 j - a potion of lignification {unknown}
 s - 3 potions of curing
 t - a potion of brilliance {unknown}
 A - a potion of degeneration {unknown}


   Skills:
 + Level 4.5 Fighting
 + Level 4.0 Armour
 + Level 4.5 Dodging
 - Level 2.0 Stealth
 + Level 4.5 Spellcasting
 + Level 2.8 Conjurations
 + Level 4.8 Necromancy
 - Level 4.0 Transmutations
 + Level 6.7 Poison Magic


You had 12 spell levels left.
You knew the following spells:

 Your Spells              Type           Power      Damage    Failure   Level
a - Sting                 Tmut/Pois      100%       1d8       1%          1
b - Olgreb's Toxic Radia  Pois           31%        N/A       8%          4

Your spell library contained the following spells:

 Spells                   Type           Power      Damage    Failure   Level
 Poisonous Vapours        Pois/Air       36%        N/A       4%          2
 Spider Form              Tmut/Pois      26%        N/A       4%          3
 Shock                    Conj/Air       40%        1d5       7%          1
 Mephitic Cloud           Conj/Pois/Air  17%        N/A       10%         3
 Summon Small Mammal      Summ           16%        N/A       12%         1
 Ensorcelled Hibernation  Hex/Ice        8%         N/A       19%         2
 Dazzling Flash           Conj/Hex       20%        N/A       21%         3
 Call Canine Familiar     Summ           4%         N/A       36%         3
 Frozen Ramparts          Ice            8%         1d2       36%         3
 Summon Guardian Golem    Hex/Summ       4%         N/A       36%         3
 Swiftness                Air            4%         N/A       36%         3
 Anguish                  Hex/Necr       7%         N/A       41%         4
 Agony                    Necr           24%        N/A       41%         5
 Ice Form                 Ice/Tmut       12%        N/A       47%         4
 Airstrike                Air            2%         2d(1-17)  77%         4
 Summon Ice Beast         Ice/Summ       4%         N/A       77%         4
 Silence                  Hex/Air        2%         N/A       98%         5


Dungeon Overview and Level Annotations

Branches:
Dungeon (7/15)             Temple (1/1) D:6          Bailey (1/1)

Altars:
Ashenzari
Dithmenos
Fedhas
Gozag
Hepliaklqana
Kikubaaqudgha
Makhleb
Nemelex Xobeh
Okawaru
Ru
Sif Muna
Trog
Uskayaw
Vehumet
Wu Jian
Xom
Yredelemnul


Innate Abilities, Weirdness & Mutations

Your demonic aura often causes spilled blood to erupt in flames.
When seriously injured, your blood forms thick armour. (AC +9)
Spells you cast and wands you use may paralyse nearby enemies.
You have a small tail.


Message History

The sun demon hits you but does no damage.
The sting hits the sun demon but does no damage.
The sun demon looks even sicker.
The sun demon is lightly wounded.
Malevolent energies surge around you. The sun demon barely misses you.
The sting hits the sun demon.
The sun demon partially resists.
The sun demon looks as sick as possible!
The sun demon is lightly wounded.
Malevolent energies surge around you.
The sun demon is no longer paralysed.
The sun demon hits you but does no damage.
You hit the sun demon.
The sun demon convulses.
The sun demon is lightly wounded.
The orc high priest is no longer paralysed.
The sun demon barely misses you.
The sun demon hits you but does no damage.
A goblin comes into view. It is wielding a +0 hand axe.
You closely miss the orc high priest.
The goblin shouts!
You tail-slap the orc high priest, but do no damage.
The orc high priest is lightly wounded.
The sun demon hits you but does no damage.
An orc warrior comes into view. It is wielding a +0 war axe.
The orc high priest hits you but does no damage.
You hit the orc high priest. You burn the orc high priest.
The orc high priest is moderately wounded.
The sun demon hits you!
You are engulfed in flames!!
* * * LOW HITPOINT WARNING * * *
Something unseen opens the door.
The orc high priest hits you but does no damage.
Unknown command.
An orc warrior comes into view. It is wielding a +0 battleaxe.
The sun demon closely misses you.
The orc high priest is engulfed in a cloud of scalding steam.
The orc high priest mumbles some strange prayers to Beogh against you.
You struggle to resist.
The sun demon attacks as you move away! The sun demon misses you. x2
The sun demon attacks as you move away! The sun demon hits you!
* * * LOW HITPOINT WARNING * * *
You are engulfed in flames!
You die...

#≈≈≈≈≈#'#. #######
#≈≈≈≈≈#.. #......
#≈≈≈≈≈#o. 8.8.8
#≈≈≈≈≈#o###### #.)
#≈≈≈≈≈~g#o['.# #.)
#≈≈≈≈≈o4#[[# #..
#≈≈≈≈≈~.#..# ###
#≈≈≈≈≈33####### #.
#≈≈≈≈≈~@#..8.8. #.
#≈≈≈≈≈~∩....... #.
#≈≈≈≈≈~.#..8.8. #.
#≈≈≈≈≈~.####### #.
#≈≈≈≈≈~.#..# ###
#≈≈≈≈≈~.#..# #..
#≈≈≈≈≈~.#..+ #.)
#≈≈≈≈≈#.##############.)
#≈≈≈≈≈#....#)....'.8.8.8


You could see an orc high priest (poisoned), 2 sun demons, a red devil
(summoned), 3 orc warriors and a goblin.

Vanquished Creatures
  3 orc knights (Bailey)
  The ghost of hawla the Digger, a novice MeEE (D:5)
  A wyvern (D:6)
  3 orc warriors
  2 ogres
  A phantom (D:5)
  A kobold brigand (D:6)
  Blork the orc (D:4)
  A bullfrog (D:6)
  A necrophage (D:4)
  4 jellies
  Crazy Yiuf (D:3)
  2 hounds
  Natasha (D:3)
  An orc wizard (D:6)
  9 adders
  4 worms
  6 orcs
  5 bats
  4 endoplasms
  2 giant cockroaches
  12 hobgoblins
  An iguana (D:4)
  5 quokkas
  6 ball pythons
  2 frilled lizards
  16 goblins
  10 kobolds
  A kobold zombie (D:6)
  6 rats
113 creatures vanquished.

Notes
Turn   | Place    | Note
-------+----------+-------------------------------------------
     0 | D:1      | vvl the Demonspawn Venom Mage began the quest for the Orb.
     0 | D:1      | Reached XP level 1. HP: 13/13 MP: 3/3
   474 | D:1      | Reached skill level 1 in Transmutations
   737 | D:1      | Gained mutation: When seriously injured, your blood forms
                  | armour. (AC +9) [demonic ancestry]
   737 | D:1      | Reached XP level 2. HP: 18/19 MP: 1/5
  1576 | D:2      | Gained mutation: Your demonic aura sometimes causes spilled
                  | blood to erupt in flames. [demonic ancestry]
  1576 | D:2      | Reached XP level 3. HP: 23/25 MP: 2/6
  2340 | D:2      | Reached skill level 1 in Fighting
  3210 | D:3      | Gained mutation: Spells you cast may paralyse adjacent
                  | enemies. [demonic ancestry]
  3210 | D:3      | Reached XP level 4. HP: 29/32 MP: 4/7
  3644 | D:3      | Noticed Natasha
  3654 | D:3      | Killed Natasha
  3655 | D:3      | Reached skill level 1 in Armour
  3655 | D:3      | Reached skill level 1 in Necromancy
  3828 | D:3      | Found a runed translucent door.
  3829 | D:3      | Noticed Crazy Yiuf
  3888 | D:3      | Killed Crazy Yiuf
  4087 | D:4      | Gained mutation: When seriously injured, your blood forms
                  | thick armour. (AC +9) [demonic ancestry]
  4087 | D:4      | Reached XP level 5. HP: 26/37 MP: 8/8
  4177 | D:4      | Found a shimmering altar of Xom.
  4194 | D:4      | Reached skill level 4 in Poison Magic
  4488 | D:4      | Found a shimmering blue altar of Sif Muna.
  4515 | D:4      | Identified the +1 leather armour of Ulela Afiff {rC+ Regen+
                  | Dex+2 Slay-5}
  4557 | D:4      | Noticed Blork the orc
  4567 | D:4      | Killed Blork the orc
  4568 | D:4      | Gained mutation: You have a small tail. [demonic ancestry]
  4568 | D:4      | Reached XP level 6. HP: 22/44 MP: 5/10
  4977 | D:4      | Found a bloodstained altar of Trog.
  5034 | D:4      | Identified the +5 dagger "Reonal" {flame, rC++ Will+ rCorr
                  | Stlth-}
  5106 | D:5      | Entered Level 5 of the Dungeon
  5350 | D:5      | Found a runed translucent gate.
  5350 | D:5      | Found a runed translucent gate.
  5350 | D:5      | Found a runed translucent gate.
  5622 | D:5      | Noticed hawla's ghost (novice MeEE)
  5644 | D:5      | Killed hawla's ghost
  5645 | D:5      | Reached skill level 5 in Poison Magic
  5645 | D:5      | Gained mutation: Your demonic aura often causes spilled
                  | blood to erupt in flames. [demonic ancestry]
  5645 | D:5      | Reached XP level 7. HP: 31/51 MP: 11/11
  6217 | D:6      | Gained mutation: Spells you cast may paralyse nearby
                  | enemies. [demonic ancestry]
  6217 | D:6      | Reached XP level 8. HP: 58/58 MP: 7/13
  6276 | D:6      | Found a sparkling altar of Nemelex Xobeh.
  6640 | D:6      | Found a staircase to the Ecumenical Temple.
  6651 | D:6      | Reached skill level 6 in Poison Magic
  6888 | Temple   | Entered the Ecumenical Temple
  6974 | Temple   | Learned a level 4 spell: Olgreb's Toxic Radiance
  7024 | D:7      | Found a flagged portal.
  7040 | Bailey   | Entered a bailey
  7086 | Bailey   | Noticed an orc knight
  7109 | Bailey   | Killed an orc knight
  7110 | Bailey   | Reached skill level 1 in Conjurations
  7110 | Bailey   | Gained mutation: Spells you cast and wands you use may
                  | paralyse nearby enemies. [demonic ancestry]
  7110 | Bailey   | Reached XP level 9. HP: 16/65 MP: 10/15
  7163 | Bailey   | Noticed an orc knight
  7174 | Bailey   | Killed an orc knight
  7217 | Bailey   | Noticed an orc knight
  7226 | Bailey   | Killed an orc knight
  7287 | Bailey   | Noticed an orc high priest
  7291 | Bailey   | Noticed a sun demon
  7293 | Bailey   | Noticed a sun demon
  7293 | Bailey   | Noticed a red devil
  7303 | Bailey   | Mangled by a sun demon

Illustrated notes

Levels and vault maps discovered:
D:1:      psy_arrival_radial02, layout_basic
D:2:      layout_rooms, minmay_misc_feat_more_columns, st_stairs_10
D:3:      layout_loops_ring, uniq_crazy_yiuf_cottage, uniq_natasha
D:4:      layout_loops_ring, kennysheep_mini, mainiacjoe_overflow_alcove_2,
          dk_xom_monty_hall, nrook_mini_backslash, uniq_blork_the_orc
D:5:      layout_basic, ebering_ghost_rock_garden
D:6:      layout_loops_cross, mainiacjoe_overflow_24_doors,
          minmay_temple_entry_crystal_x, lemuel_flame_loot_1
D:7:      layout_cave_pools, mainiacjoe_overflow_catwalk_spiral, enter_bailey_5
Temple:   hellmonk_temple_of_storms
Bailey:   bailey_axe_of_yendor_kennysheep, bailey

Skill      XL: |  1  2  3  4  5  6  7  8  9 |
---------------+----------------------------+-----
Transmutations | 1 2 3 4 |  4.0
Dodging        | 2 3 4 |  4.5
Stealth        | 2 |  2.0
Fighting       | 1 2 3 4 |  4.5
Armour         | 1 2 3 4 |  4.0
Necromancy     | 1 2 3 4 |  4.8
Poison Magic   | 4 5 6 |  6.7
Spellcasting   | 3 4 |  4.5
Conjurations   | 1 2 |  2.8

Action                   |  1- 3 |  4- 6 |  7- 9 || total
-------------------------+-------+-------+-------++-------
Melee: Unarmed           |    53 |       |       ||    53
       Hand axe          |    32 |     2 |       ||    34
       Quarterstaff      |       |    55 |   101 ||   156
       Tailslap          |       |     4 |    18 ||    22
 Cast: Sting             |    74 |    48 |    45 ||   167
 Stab: Paralysed         |       |     4 |     9 ||    13
       Confused          |       |       |     1 ||     1
Armor: Robe              |    26 |    15 |    48 ||    89
Dodge: Dodged            |    61 |    39 |   116 ||   216
